 Dungeon Crawl Stone Soup version 0.27-a0-1332-g84bddb5ca7 (webtiles) character file.

Game seed: 14767820953699886244

11284 solopath the Grappler (level 11, -1/94 HPs)
             Began as a Naga Transmuter on June 24, 2021.
             Was a High Priest of Okawaru.
             Slain by an elephant (15 damage)
             ... on level 1 of the Lair of Beasts on June 25, 2021.
             The game lasted 00:33:33 (14098 turns).

solopath the Grappler (Naga Transmuter)            Turns: 14098, Time: 00:33:35

Health: -1/94      AC:  2    Str: 10    XL:     11   Next: 75%
Magic:  13/17      EV: 30    Int: 18    God:    Okawaru [*****.]
Gold:   489        SH:  0    Dex: 24    Spells: 4/18 levels left

rFire    . . .     SeeInvis +     - Unarmed
rCold    . . .     Faith    .   (shield currently unavailable)
rNeg     . . .     Spirit   .   (armour currently unavailable)
rPois    x         Reflect  .   (helmet currently unavailable)
rElec    .         Harm     .   (cloak currently unavailable)
rCorr    .         Rampage  .   (gloves currently unavailable)
Will     +....                  (no barding)
Stlth    ++++++....             (no amulet)
HPRegen  0.25/turn              d - +6 ring of dexterity
MPRegen  0.15/turn              w - ring of wizardry

@: lethally poisoned (-1 -> -4), spider-form (expiring), heroic, wereblooded,
unable to read
A: venomous fangs, AC +3, tiny, see invisible, (deformed body), (poison
resistance), (slowness 2), spit poison 1, (naga tail 1), agile 1, weak 1,
inability to read while threatened
a: Spit Poison, End Transformation, Renounce Religion, Heroism, Finesse


You were on level 1 of the Lair of Beasts.
You worshipped Okawaru.
Okawaru was extremely pleased with you.
You were a venomous arachnid creature.
You visited 3 branches of the dungeon, and saw 12 of its levels.

You collected 669 gold pieces.
You spent 180 gold pieces at shops.

Inventory:

Hand Weapons
 C - a +0 shortbow of freezing (melded)
Missiles
 c - 167 arrows
 g - 2 throwing nets
 A - 4 atropa-tipped darts
Armour
 o - a +0 helmet (melded)
 r - a +0 pair of gloves (melded)
 s - a +1 cloak of willpower (melded)
 v - a +0 barding of fire resistance (melded)
 D - a +2 robe of the Archmagi (melded)
Jewellery
 d - a +6 ring of dexterity (left front leg)
 f - a ring of fire
 p - a ring of willpower
 w - a ring of wizardry (right front leg)
Wands
 e - a wand of flame (28)
 i - a wand of polymorph (18)
 y - a wand of paralysis (8)
 E - a wand of iceblast (9)
 F - a wand of digging (1)
Scrolls
 b - 6 scrolls of identify
 h - a scroll of magic mapping
 j - 2 scrolls of amnesia
 l - 4 scrolls of teleportation
 n - a scroll of fog
 q - a scroll of brand weapon
 z - a scroll of blinking
 B - a scroll of enchant weapon
Potions
 a - 2 potions of might
 k - 2 potions of degeneration
 m - 4 potions of brilliance
 t - 3 potions of lignification
 u - 4 potions of curing
 x - 2 potions of cancellation


   Skills:
 + Level 5.1(10.1) Fighting
 * Level 5.0(10.0) Bows
 - Level 4.2(9.2) Dodging
 - Level 7.1(12.1) Stealth
 - Level 10.1(15.1) Unarmed Combat
 + Level 4.4 Spellcasting
 - Level 9.2 Transmutations
 - Level 3.3 Poison Magic
 - Level 6.4 Invocations


You had 4 spell levels left.
You knew the following spells:

 Your Spells              Type           Power      Damage    Failure   Level
a - Beastly Appendage     Tmut           74%        N/A       1%          1
b - Wereblood             Tmut           37%        N/A       1%          2
c - Spider Form           Tmut/Pois      13%        N/A       4%          3
d - Mephitic Cloud        Conj/Pois/Air  7%         N/A       21%         3
e - Ice Form              Ice/Tmut       20%        N/A       19%         4
f - Apportation           Tloc           6%         N/A       13%         1

Your spell library contained the following spells:

 Spells                   Type           Power      Damage    Failure   Level
 Poisonous Vapours        Pois/Air       18%        N/A       11%         2
 Animate Skeleton         Necr           6%         N/A       13%         1
 Corona                   Hex            3%         N/A       13%         1
 Freeze                   Ice            12%        1d4       13%         1
 Summon Small Mammal      Summ           12%        N/A       13%         1
 Slow                     Hex            3%         N/A       19%         2
 Petrify                  Tmut/Erth      20%        N/A       19%         4
 Confusing Touch          Hex            3%         N/A       30%         3
 Conjure Flame            Conj/Fire      3%         6-21      30%         3
 Frozen Ramparts          Ice            6%         1d2       30%         3
 Gell's Gravitas          Tloc           1%         N/A       30%         3
 Inner Flame              Hex/Fire       3%         N/A       30%         3
 Ozocubu's Armour         Ice            3%         N/A       30%         3
 Portal Projectile        Hex/Tloc       6%         N/A       30%         3
 Cause Fear               Hex            1%         N/A       63%         4
 Hailstorm                Conj/Ice       3%         3d3       63%         4
 Leda's Liquefaction      Hex/Erth       1%         N/A       63%         4
 Yara's Violent Unravell  Hex/Tmut       10%        3d6       38%         5
 Freezing Cloud           Conj/Ice/Air   1%         6-21      89%         5
 Metabolic Englaciation   Hex/Ice        1%         N/A       89%         5


Dungeon Overview and Level Annotations

Branches:
Dungeon (10/15)            Temple (1/1) D:4            Lair (1/6) D:8
    Orc: D:9-12

Altars:
Ashenzari
Cheibriados
Dithmenos
Elyvilon
Fedhas
Gozag
Hepliaklqana
Kikubaaqudgha
Makhleb
Nemelex Xobeh
Okawaru
Qazlal
Ru
Sif Muna
Trog
Uskayaw
Vehumet
Wu Jian
Xom
Yredelemnul
Zin
The Shining One
Lugonu

Shops:
D:5 *   D:6 :

Portals:
Trove: D:10 (give 6 scrolls of fear)

Annotations:
D:1 1 runed translucent door
D:5 1 runed translucent door, Shayle's ghost, novice OgWr


Innate Abilities, Weirdness & Mutations

You are a venomous arachnid creature.
You have poisonous fangs.
You are tiny and dextrous.
Your spellcasting is less reliable in this form.
Your armour is entirely melded.
You are incapable of wielding weapons or throwing items.
((Your serpentine skin is tough. (AC +3)))
You have supernaturally acute eyesight. (SInv)
((Armour fits poorly on your strangely shaped body.))
((Your system is resistant to poisons. (rPois)))
((You cover ground very slowly.))
You can spit poison.
((You have a snake-like lower body.))
You are agile. (Dex +2)
You are weak. (Str -2)
You sometimes lose the ability to read scrolls when taking damage.


Message History

The elephant closely misses you. The elephant completely misses you.
Your base Bows skill increases to level 5!
You completely miss the elephant.
Your transformation is almost over.
You feel very sick.
You bite the elephant!
The elephant is moderately wounded.
You feel very sick.
The elephant misses you. x2; The elephant tramples you!
You feel threatened and lose the ability to read scrolls!
You stumble backwards!
You hit the elephant but do no damage.
You feel sick.
You bite the elephant!
The elephant is poisoned.
The elephant is heavily wounded.
You feel sick.
You bite the elephant!
The elephant looks as sick as possible!
The elephant is severely wounded.
You hiss as the wereblood boils in your veins!
You feel sick.
You hear a trumpeting!
You bite the elephant!
The elephant looks as sick as possible!
The elephant is almost dead.
You feel sick. The elephant misses you. The elephant closely misses you.
The elephant barely misses you. x2
You completely miss the elephant.
The elephant is almost dead.
You feel sick. The elephant closely misses you. The elephant trunk-slaps you.
* * * LOW HITPOINT WARNING * * *
The elephant barely misses you. The elephant trunk-slaps you.
* * * LOW HITPOINT WARNING * * *
You hit the elephant.
The elephant looks as sick as possible!
The elephant is almost dead.
You feel sick.
You hit the elephant but do no damage.
The elephant looks as sick as possible!
The elephant is almost dead.
You feel sick. The elephant completely misses you.
The elephant trunk-slaps you.
* * * LOW HITPOINT WARNING * * *
The elephant tramples you!
You die...

.. #..##..## .# #..
#...#..P#..
#..##....>....
##..#.#.[.#..#
........ #..# #..#...#
#†.# #..##..# #Y.#
#...#÷.# #YY#
##...#..###s.#
#....÷.......#
##.#.#..#...#### #
#.###..###.##.#P####.
##....................
#...........#.#.##..#.
.....#...........###
###. #..#......#.#
##..#..#...<#


You could see 3 elephants.

Vanquished Creatures
  Harold (D:8)
  A boulder beetle (D:8)
  Erolcha (D:9)
  A two-headed ogre (D:10)
  2 elephants
  Maurice (D:8)
  A black mamba (Lair:1)
  Maggie (D:8)
  A komodo dragon (Lair:1)
  A troll (D:9)
  Grinder (D:6)
  4 wyverns
  19 yaks
  Grum (D:8)
  2 basilisks (D:8)
  2 steam dragons
  An acid dragon (D:7)
  A water moccasin (Lair:1)
  2 sky beasts
  3 centaurs
  4 wolves (D:8)
  4 ogres
  A kobold brigand (D:10)
  Blork the orc (D:6)
  A wyvern zombie (D:7)
  4 bullfrogs
  A scorpion (D:7)
  2 centaur zombies
  5 jellies
  Crazy Yiuf (D:6)
  3 orc priests
  A hound (D:6)
  An orc wizard (D:10)
  2 iguanas
  A killer bee zombie (D:5)
  A hound skeleton (D:5)
  A howler monkey zombie (D:8)
  3 gnolls (D:5)
  6 adders
  2 white imps
  3 ufetubi
  2 worms
  2 dart slugs
  17 orcs
  6 bats
  7 endoplasms
  6 giant cockroaches
  6 goblins
  8 hobgoblins
  6 jackals
  14 kobolds
  3 quokkas
  11 ball pythons
  5 frilled lizards
  5 rats
193 creatures vanquished.

Vanquished Creatures (others)
  An orc wizard (D:5)
  4 fungi
  3 plants (Lair:1)
8 creatures vanquished.

Grand Total: 201 creatures vanquished

Notes
Turn   | Place    | Note
-------+----------+-------------------------------------------
     0 | D:1      | solopath the Naga Transmuter began the quest for the Orb.
     0 | D:1      | Reached XP level 1. HP: 18/18 MP: 3/3
     0 | D:1      | Noticed a jelly
     1 | D:1      | Found a runed translucent door.
    36 | D:1      | Reached skill level 1 in Stealth
   102 | D:1      | Reached XP level 2. HP: 8/25 MP: 3/5
   882 | D:1      | Reached XP level 3. HP: 25/31 MP: 4/6
  1551 | D:2      | You fall into a shaft and drop 2 floors!
  1551 | D:4      | Found a staircase to the Ecumenical Temple.
  1565 | Temple   | Entered the Ecumenical Temple
  1569 | Temple   | Learned a level 2 spell: Wereblood
  1573 | Temple   | Learned a level 3 spell: Spider Form
  2007 | D:2      | Reached XP level 4. HP: 38/38 MP: 7/7
  2366 | D:2      | Reached skill level 1 in Poison Magic
  2867 | D:2      | Reached XP level 5. HP: 44/44 MP: 4/8
  3003 | D:3      | Found a large runed translucent door.
  3004 | D:3      | Found a large runed translucent door.
  3672 | D:3      | Found an ancient bone altar of Kikubaaqudgha.
  3675 | D:3      | Found a bloodstained altar of Trog.
  4041 | D:4      | Found a burning altar of Makhleb.
  4792 | D:5      | Entered Level 5 of the Dungeon
  4792 | D:5      | Noticed an ogre
  4802 | D:5      | Killed an ogre
  4803 | D:5      | Reached XP level 6. HP: 22/51 MP: 6/9
  4950 | D:5      | Reached skill level 4 in Unarmed Combat
  5028 | D:5      | Noticed a steam dragon
  5047 | D:5      | Killed a steam dragon
  5048 | D:5      | Reached skill level 5 in Transmutations
  5051 | D:5      | HP: 2/51 [ogre (12)]
  5063 | D:5      | Reached XP level 7. HP: 29/57 MP: 6/10
  5454 | D:5      | Found a glowing golden altar of the Shining One.
  5574 | D:5      | Noticed Shayle's ghost (novice OgWr)
  5575 | D:5      | Found a runed translucent door.
  5631 | D:5      | Found a broken altar of Ashenzari.
  5890 | D:5      | Found an iron altar of Okawaru.
  5902 | D:5      | Became a worshipper of Warmaster Okawaru
  5923 | D:5      | Found Gurroler's CLEARANCE SALE! EVERYTHING MUST GO!.
  5939 | D:5      | Reached skill level 5 in Stealth
  5969 | D:5      | Bought a book of Clouds for 180 gold pieces
  6217 | D:6      | Noticed Grinder
  6224 | D:6      | Reached skill level 5 in Unarmed Combat
  6237 | D:6      | Reached XP level 8. HP: 64/64 MP: 9/11
  6258 | D:6      | Killed Grinder
  6258 | D:6      | Reached * piety under Okawaru
  6413 | D:6      | Gained mutation: Your mind is acute. (Int +2) [potion of
                  | mutation]
  6413 | D:6      | Gained mutation: You are strong-willed. (Will+) [potion of
                  | mutation]
  6423 | D:6      | Lost mutation: You are strong-willed. (Will+) [potion of
                  | mutation]
  6423 | D:6      | Lost mutation: Your mind is acute. (Int +2) [potion of
                  | mutation]
  6423 | D:6      | Gained mutation: Your mind is acute. (Int +2) [potion of
                  | mutation]
  6423 | D:6      | Gained mutation: You can exhale a cloud of poison. [potion
                  | of mutation]
  6610 | D:6      | Found Fausov's Book Emporium.
  6676 | D:6      | Found a runed translucent door.
  6677 | D:6      | Noticed Crazy Yiuf
  6952 | D:6      | Noticed Blork the orc
  6963 | D:6      | Killed Blork the orc
  7121 | D:6      | Found an ornate altar of the Wu Jian Council.
  7154 | D:6      | Found a hide-covered altar of Uskayaw.
  7264 | D:6      | Killed Crazy Yiuf
  7319 | D:6      | Learned a level 3 spell: Mephitic Cloud
  7442 | D:7      | Reached ** piety under Okawaru
  7443 | D:7      | Reached skill level 1 in Invocations
  7848 | D:7      | Reached XP level 9. HP: 55/70 MP: 9/13
  8564 | D:8      | Noticed an elephant
  8565 | D:8      | Found a staircase to the Lair.
  8868 | D:8      | Upgraded the game from 0.27-a0-1325-g58a489ad9e to
                  | 0.27-a0-1332-g84bddb5ca7
  8876 | D:8      | Noticed a boulder beetle
  9195 | D:8      | Learned a level 4 spell: Ice Form
  9303 | D:8      | Killed an elephant
  9303 | D:8      | Reached *** piety under Okawaru
  9611 | D:8      | Noticed Maggie
  9622 | D:8      | Killed Maggie
  9623 | D:8      | Reached skill level 6 in Unarmed Combat
  9656 | D:8      | Noticed Harold
  9673 | D:8      | Killed Harold
  9673 | D:8      | Reached **** piety under Okawaru
  9674 | D:8      | Reached skill level 7 in Unarmed Combat
  9674 | D:8      | Reached skill level 5 in Invocations
  9674 | D:8      | Reached XP level 10. HP: 41/78 MP: 11/16
  9918 | D:8      | Noticed Grum
  9922 | D:8      | Reached skill level 8 in Unarmed Combat
  9925 | D:8      | Killed Grum
 10370 | D:8      | Found a sparkling altar of Nemelex Xobeh.
 10429 | D:8      | Killed a boulder beetle
 10430 | D:8      | Reached skill level 9 in Unarmed Combat
 10810 | D:8      | Noticed Maurice
 10822 | D:8      | Killed Maurice
 10822 | D:8      | Reached ***** piety under Okawaru
 11308 | D:9      | Reached XP level 11. HP: 74/90 MP: 12/17
 11383 | D:9      | Reached skill level 10 in Unarmed Combat
 11630 | D:9      | Reached skill level 1 in Bows
 11731 | D:9      | Received a gift from Okawaru
 12060 | D:9      | Noticed Erolcha
 12077 | D:9      | Killed Erolcha
 12146 | D:9      | Found a snail-covered altar of Cheibriados.
 12187 | D:9      | Learned a level 1 spell: Apportation
 12230 | D:10     | Entered Level 10 of the Dungeon
 12260 | D:10     | Lost mutation: You can exhale a cloud of poison. [potion of
                  | mutation]
 12260 | D:10     | Lost mutation: Your mind is acute. (Int +2) [potion of
                  | mutation]
 12260 | D:10     | Gained mutation: You sometimes lose the ability to read
                  | scrolls when taking damage. [potion of mutation]
 12260 | D:10     | Gained mutation: You are weak. (Str -2) [potion of
                  | mutation]
 12260 | D:10     | Gained mutation: You are agile. (Dex +2) [potion of
                  | mutation]
 12294 | D:10     | Found a shimmering altar of Xom.
 12481 | D:10     | Found a portal to a secret trove of treasure.
 12717 | D:10     | Noticed a two-headed ogre
 12732 | D:10     | Killed a two-headed ogre
 13280 | D:10     | Found a glowing silver altar of Zin.
 13315 | D:10     | Found an opulent altar of Gozag.
 13701 | Lair:1   | Entered Level 1 of the Lair of Beasts
 14084 | Lair:1   | Reached skill level 5 in Fighting
 14090 | Lair:1   | Reached skill level 5 in Bows
 14098 | Lair:1   | Slain by an elephant

Illustrated notes

Levels and vault maps discovered:
D:1:      dpeg_arrival_caged_fury, layout_rooms, hangedman_decor_peaks_small,
          st_stairs_8, minmay_tetromino_t2
D:2:      layout_basic
D:3:      layout_loops_ring, jmf_multi_god_temple2, minmay_misc_feat_chi
D:4:      layout_basic, lightli_temple_of_fire, minmay_temple_entry_large_hall
D:5:      cheibrodos_helix_gallery, layout_rooms, tso_oasis_becter,
          cheibrodos_ashenzari_chains, okawaru_metal_pillars_3,
          hellmonk_ghost_happy_afterlife, nicolae_shop_clearance
D:6:      layout_rooms, kennysheep_little_box,
          nicolae_uskayaw_murder_on_the_dancefloor, serial_shops, shop,
          uniq_crazy_yiuf_cottage, uniq_blork_the_orc, uniq_grinder
D:7:      layout_basic, interstate_on_off, minmay_misc_feat_plants,
          minmay_misc_feat_pillars, roderic_lattice_a, grunt_ministairs_14
D:8:      layout_loops_cross, kennysheep_mini, david_lair_generic, uniq_maggie,
          uniq_harold, uniq_grum, uniq_maurice
D:9:      layout_roguey, cheibrodos_worm_habitat, uniq_erolcha
D:10:     layout_long_grid, pdpol_temple_overflow_zin_treasury_gozag_greed,
          overflow_temple_1_default, enter_trove_0, lemuel_flame_loot_1
Temple:   corrupted_temple
Lair:1:   lemuel_ratsnest, layout_loops_ring, minmay_lair_oklob_chamber

Skill      XL: |  1  2  3  4  5  6  7  8  9 10 11 |
---------------+----------------------------------+-----
Stealth        | 1 2 4 5 7 |  7.1
Transmutations | 3 4 5 6 8 9 |  9.2
Poison Magic   | 1 3 |  3.3
Unarmed Combat | 4 5 7 9 10 | 10.1
Invocations    | 2 5 6 |  6.4
Spellcasting   | 4 |  4.4
Dodging        | 2 4 |  4.2
Fighting       | 3 5 |  5.1
Bows           | 5 |  5.0

Action                   |  1- 3 |  4- 6 |  7- 9 | 10-12 || total
-------------------------+-------+-------+-------+-------++-------
Melee: Unarmed           |    80 |   116 |   177 |   175 ||   548
       Headbutt          |     9 |     9 |     3 |       ||    21
       Punch             |       |     3 |       |       ||     3
 Fire: Shortbow          |       |       |       |    34 ||    34
 Cast: Beastly Appendage |    15 |    12 |     4 |       ||    31
       Wereblood         |       |     3 |     1 |     1 ||     5
       Spider Form       |       |     3 |    22 |     9 ||    34
       Mephitic Cloud    |       |       |     1 |    11 ||    12
       Ice Form          |       |       |     1 |     9 ||    10
Invok: Heroism           |       |       |       |     2 ||     2
 Abil: Spit Poison       |    32 |    33 |    15 |       ||    80
       Breathe Poison Ga |       |       |    16 |     9 ||    25
  Use: Scroll            |     2 |     5 |     5 |     4 ||    16
       Potion            |     2 |     4 |     7 |     1 ||    14
 Stab: Sleeping          |     1 |     2 |     2 |     3 ||     8
       Distracted        |       |       |     1 |     1 ||     2
       Confused          |       |       |       |     9 ||     9
Armor: Robe              |    23 |    38 |     6 |     4 ||    71
       Skin              |       |     3 |    13 |    15 ||    31
Dodge: Dodged            |    44 |    71 |   128 |   121 ||   364

Table legend: (Time is in decaauts)
 A = Elapsed time spent in this place.
 B = Non-inter-level travel time spent in this place.
 C = Inter-level travel time spent in this place.
 D = Time resting spent in this place.
 E = Time spent auto-exploring this place.
 F = Levels seen in this place.
 G = Mean time per level.
                   A        B        C        D        E       F      G
               +--------+--------+--------+--------+--------+-----+--------+
         Total |  16515 |  16091 |    424 |   3701 |   9539 |  12 | 1376.2 |
       Dungeon |  15930 |  15507 |    423 |   3406 |   9451 |  10 | 1593.0 |
        Temple |    185 |    185 |      0 |      0 |     42 |   1 |  185.0 |
          Lair |    399 |    399 |      0 |    295 |     46 |   1 |  399.0 |
               +--------+--------+--------+--------+--------+-----+--------+

Top non-repeatable levels by time:
     D:7: 2255 daAuts
     D:8: 2001 daAuts
    D:10: 1776 daAuts
     D:5: 1575 daAuts
     D:1: 1551 daAuts
     D:4: 1544 daAuts
     D:3: 1481 daAuts
     D:9: 1464 daAuts
     D:6: 1309 daAuts
     D:2: 970 daAuts
  Lair:1: 399 daAuts
  Temple: 185 daAuts
